 Dungeon Crawl Stone Soup version 0.20.1-1-g8b1a95d66d (webtiles) character file.

217 Jynx the Changer (level 5, 0/40 HPs)
             Began as a Merfolk Transmuter on Jan 2, 2018.
             Slain by an orc wizard
             ... wielding a +4 dagger
              (5 damage)
             ... on level 3 of the Dungeon.
             The game lasted 00:08:19 (3983 turns).

Jynx the Changer (Merfolk Transmuter)               Turns: 3983, Time: 00:08:19

Health: 0/40       AC:  5    Str: 14    XL:     5   Next: 94%
Magic:  7/9        EV: 13    Int: 12    God:
Gold:   114        SH:  0    Dex: 16    Spells: 4/10 levels left

rFire    . . .     SeeInvis .     - Unarmed
rCold    . . .     Gourm    .   (no shield)
rNeg     . . .     Faith    .   k - +2 animal skin
rPois    .         Spirit   .   (no helmet)
rElec    .         Reflect  .   h - +0 cloak
rCorr    .         Harm     .   (no gloves)
MR       .....                  (no boots)
Stlth    +.........             (no amulet)
Regen    0.2/turn               n - +4 ring of strength
MPRegen  0.2/turn               (no ring)

@: about to teleport, appendage (expiring)
A: change form in water, swift swim, stealthy swim, horns 2
a: End Transformation


You were on level 3 of the Dungeon.
You were hungry.
You had grown temporary horns.
You visited 1 branch of the dungeon, and saw 3 of its levels.

You collected 114 gold pieces.

Inventory:

Missiles
 a - 59 arrows
Armour
 h - a +0 cloak (worn)
 k - a +2 animal skin (worn)
Jewellery
 n - a +4 ring of strength (left hand)
Wands
 m - a wand of iceblast (3/15)
Scrolls
 e - 2 scrolls of noise {unknown}
 i - a scroll of remove curse
 o - a scroll of recharging {unknown}
 p - a scroll of amnesia {unknown}
 r - a scroll of fog {unknown}
Potions
 f - 6 potions of curing
 g - a potion of brilliance
 l - a potion of haste
Books
 c - a book of Changes

   Spells                             Type                      Level
   a - Beastly Appendage              Transmutation                1
   b - Sticks to Snakes               Transmutation                2
   c - Spider Form                    Transmutation/Poison         3
   d - Ice Form                       Ice/Transmutation            4
   e - Blade Hands                    Transmutation                5
Comestibles
 b - a meat ration
 d - a bread ration
 q - 4 chunks of flesh


   Skills:
 + Level 2.9 Fighting
 - Level 2.6 Dodging
 - Level 3.2 Unarmed Combat
 + Level 3.0 Spellcasting
 * Level 6.1 Transmutations


You had 4 spell levels left.
You knew the following spells:

 Your Spells              Type           Power        Failure   Level  Hunger
a - Beastly Appendage     Tmut           ###...       1%          1    #......
b - Sticks to Snakes      Tmut           ###.....     3%          2    ###....
c - Spider Form           Tmut/Pois      #.........   21%         3    ###....


Dungeon Overview and Level Annotations

Branches:
Dungeon (3/15)

Altars:
Ashenzari

Annotations:
D:3 Grinder


Innate Abilities, Weirdness & Mutations

You revert to your normal form in water.
You are very nimble and swift while swimming.
You are very stealthy in the water. (Stealth+)
You have a pair of horns on your head.


Message History

You barely miss the orc wizard. Your headbutt misses the orc wizard.
The orc wizard gestures at you while chanting.
The magic dart hits you! The orc hits you but does no damage.
The orc wizard gestures at you while chanting.
The magic dart hits you!
You barely miss the orc wizard.
The orc wizard hits you with an enchanted dagger.
The orc hits you with a dagger. The orc wizard hits you with a dagger.
The orc wizard hits you with an enchanted dagger.
You barely miss the orc wizard. Your headbutt misses the orc wizard.
The orc wizard points at you and mumbles some strange words.
The puff of frost hits you!
* * * LOW HITPOINT WARNING * * *
The orc hits you with a dagger.
* * * LOW HITPOINT WARNING * * *
The orc wizard hits you but does no damage.
As you read the scroll of teleportation, it crumbles to dust.
You feel strangely unstable.
The orc wizard hits you with an enchanted dagger.
You die...

.####.###.#..# #.#'#.#
....#.#...#..#### #.....#
.#.##.#.........# #.....#
.#..............# #.....#######
.####...........# #...)........
.#.......#......# #........$..o
.#.#######......# #....o....o..
.#.#######.....[####.....#######
.#.......+.>....@o.......##...###
.#..######......oo.(......'...+..
+#..# #......####......#...###
....# #......# #..........'..
..###### #......# #....#.)...###
..'....# ###'#### #....##....# #
..####.#####.#######.#####.#### #
..# #.##............# #....# #
..# #.##...############ #....# #


You could see 2 orc wizards and an orc.

Vanquished Creatures
  A jelly (D:2)
  Robin (D:2)
  2 adders (D:2)
  10 oozes (D:2)
  A worm (D:3)
  A dart slug (D:2)
  2 leopard geckos (D:2)
  An orc (D:3)
  A ball python (D:2)
  4 bats
  3 giant cockroaches
  12 goblins
  7 hobgoblins
  3 quokkas
  2 frilled lizards
  15 kobolds
  8 rats
74 creatures vanquished.

Vanquished Creatures (collateral kills)
  Natasha (D:3)
  An adder (D:3)
  A goblin (D:2)
3 creatures vanquished.

Vanquished Creatures (others)
  7 fungi (D:2)
  7 toadstools (D:2)
14 creatures vanquished.

Grand Total: 91 creatures vanquished

Notes
Turn   | Place    | Note
-------+----------+-------------------------------------------
     0 | D:1      | Jynx the Merfolk Transmuter began the quest for the Orb.
     0 | D:1      | Reached XP level 1. HP: 15/15 MP: 3/3
    93 | D:1      | Reached skill level 3 in Transmutations
   236 | D:1      | Reached XP level 2. HP: 15/21 MP: 3/5
   790 | D:1      | Learned a level 2 spell: Sticks to Snakes
   896 | D:2      | Reached XP level 3. HP: 24/27 MP: 0/6
   974 | D:2      | Reached skill level 4 in Transmutations
  1444 | D:2      | Noticed Robin
  1590 | D:2      | Killed Robin
  1741 | D:2      | Reached XP level 4. HP: 33/33 MP: 4/7
  1953 | D:2      | Found a shattered altar of Ashenzari.
  2435 | D:2      | HP: 1/33 [acid (3)]
  2511 | D:2      | Reached skill level 5 in Transmutations
  2511 | D:2      | Reached XP level 5. HP: 11/39 MP: 6/9
  3026 | D:3      | Noticed Grinder
  3194 | D:2      | Learned a level 3 spell: Spider Form
  3419 | D:3      | Noticed Natasha
  3500 | D:3      | Killed Natasha
  3500 | D:3      | Reached skill level 6 in Transmutations
  3983 | D:3      | Slain by an orc wizard

Skill      XL: |  1  2  3  4  5 |
---------------+----------------+-----
Transmutations | 3 4 5 6 |  6.1
Fighting       | 2 |  2.9
Spellcasting   | 3 |  3.0
Dodging        | |  2.6
Unarmed Combat | |  3.2

Action                   |  1- 3 |  4- 6 || total
-------------------------+-------+-------++-------
Melee: Unarmed           |    92 |   150 ||   242
       Headbutt          |    22 |    37 ||    59
       Punch             |       |     1 ||     1
 Cast: Beastly Appendage |    28 |    27 ||    55
       Sticks to Snakes  |     3 |     5 ||     8
  Use: Scroll            |     2 |     6 ||     8
 Stab: Sleeping          |       |     1 ||     1
  Eat: Chunk             |     4 |     7 ||    11
Armor: Robe              |    14 |       ||    14
       Animal skin       |     3 |    33 ||    36
Dodge: Dodged            |    53 |    85 ||   138
